 Dungeon Crawl Stone Soup version 0.24-a0-93-ge1bfdf8 (console) character file.

Game seed: 15593130732145070120

15 Duffy the Sneak (level 2, 0/22 HPs)
             Began as a Naga Fire Elementalist on Feb 11, 2019.
             Slain by an ooze (5 damage)
             ... on level 2 of the Dungeon.
             The game lasted 00:00:47 (331 turns).

Duffy the Sneak (Naga Fire Elementalist)             Turns: 331, Time: 00:00:48

Health: 0/22       AC:  1    Str: 10    XL:     2   Next: 50%
Magic:  0/5        EV: 10    Int: 15    God:
Gold:   11         SH:  0    Dex: 13    Spells: 4/5 levels left

rFire    . . .     SeeInvis +   c - 3 rations
rCold    . . .     Gourm    .   (no shield)
rNeg     . . .     Faith    .   a - +0 robe
rPois    +         Spirit   .   (no helmet)
rElec    .         Reflect  .   (no cloak)
rCorr    .         Harm     .   (no gloves)
MR       .....                  (no barding)
Stlth    ++........             b - amulet of rage
HPRegen  0.07/turn              e - +2 ring of dexterity
MPRegen  0.09/turn              (no ring)

@: very slightly contaminated, very slow
A: large, see invisible, deformed body, poison resistance, slowness 2, slow
metabolism 1, spit poison 1, AC +0
a: Spit Poison, Evoke Berserk Rage


You were on level 2 of the Dungeon.
You were not hungry.

You visited 1 branch of the dungeon, and saw 2 of its levels.

You collected 11 gold pieces.

Inventory:

Armour
 a - a +0 robe (worn)
Jewellery
 b - an amulet of rage (around neck)
 e - a +2 ring of dexterity (left hand)
Wands
 f - a wand of random effects (11)
Comestibles
 c - 3 rations (in hand)
 d - 6 chunks of flesh


   Skills:
 - Level 1.5 Dodging
 - Level 3.0 Stealth
 - Level 2.0 Spellcasting
 + Level 2.4 Conjurations
 - Level 3.0 Fire Magic


You had 4 spell levels left.
You knew the following spells:

 Your Spells              Type           Power        Failure   Level  Hunger
h - Flame Tongue          Conj/Fire      #....        8%          1    #......

Your spell library contained the following spells:

 Spells                   Type           Power        Failure   Level  Hunger
 Throw Flame              Conj/Fire      #.....       11%         2    ###....
 Conjure Flame            Conj/Fire      #.......     22%         3    ###....
 Inner Flame              Hex/Fire       #.......     34%         3    ###....
 Sticky Flame             Conj/Fire      #.......     58%         4    #####..
 Fireball                 Conj/Fire      #.........   90%         5    ######.


Dungeon Overview and Level Annotations

Branches:
Dungeon (2/15)

Altars:


Innate Abilities, Weirdness & Mutations

You cannot wear boots.
Your serpentine skin is tough. (AC +0)
You have supernaturally acute eyesight. (SInv)
Armour fits poorly on your strangely shaped body.
Your system is resistant to poisons. (rPois)
You cover ground very slowly.
You have a slow metabolism.
You can spit poison.


Message History

You have got your breath back.
Press: ? - help, Shift-Dir - straight line, f/p - ooze
Aim: an ooze (heavily wounded)
The splash of poison hits the ooze but does no damage.
The ooze is heavily wounded.
You feel slightly more hungry. The ooze hits you. The ooze hits you.
You have got your breath back.
Cast which spell? (? or * to list)
Aiming: Flame Tongue (safe; 8% risk of failure)
Press: ? - help, Shift-Dir - straight line, f/p - ooze
Aim: an ooze (heavily wounded)
The flame tongue hits the ooze.
The ooze is almost dead.
The ooze hits you.
Cast which spell? (? or * to list)
You don't have enough magic to cast that spell.
The ooze barely misses you. x2
The ooze hits you.
You die...

###.#.#.# ..#
#.......# ..#
#.#.#.#.###..###
#.............
#####....#.## #
###..#.#
#.#####......##..#
#.......##.......#
####.@J...........
###....##.#.........
#.#.##.#..##......##
#.#.##...%......###
#.#.##...###......
#.#.####)###.#..###
#.......%.......#
#.#.####..##.##.#
#...# #..#


You could see an ooze.

Vanquished Creatures
  A leopard gecko (D:1)
  A ball python (D:1)
  2 bats
  A goblin (D:2)
  A hobgoblin (D:1)
  3 jackals (D:2)
  3 kobolds
  A rat (D:1)
13 creatures vanquished.

Notes
Turn   | Place    | Note
-------+----------+-------------------------------------------
     0 | D:1      | Duffy the Naga Fire Elementalist began the quest for the
                  | Orb.
     0 | D:1      | Reached XP level 1. HP: 15/15 MP: 3/3
   177 | D:1      | Reached XP level 2. HP: 22/22 MP: 1/5
   331 | D:2      | Slain by an ooze

Levels and vault maps discovered:
D:1:      lemuel_arrival_muddy, layout_basic
D:2:      layout_basic, first_ration, elyvilon_altar_3, uniq_jessica

Skill      XL: |  1 |
---------------+----+-----
Conjurations   | 2 |  2.4
Dodging        | |  1.5
Stealth        | |  3.0
Spellcasting   | |  2.0
Fire Magic     | |  3.0

Action                   || total
-------------------------++-------
 Cast: Flame Tongue      ||    18
 Abil: Spit Poison       ||    11
Armor: Robe              ||     1
Dodge: Dodged            ||     9

Table legend:
 A = Non-vault XP
 B = Vault XP
 C = Vault XP percentage of total XP
 D = Non-vault monster count
 E = Vault monster count
 F = Vault count percentage of total count
                 A         B        C        D         E       F
            +---------+---------+-------+---------+---------+-------
      Total |      22 |       0 |   0.0 |      13 |       0 |   0.0
            +---------+---------+-------+---------+---------+-------
        D:1 |      12 |       0 |   0.0 |       7 |       0 |   0.0
        D:2 |      10 |       0 |   0.0 |       6 |       0 |   0.0
            +---------+---------+-------+---------+---------+-------
